 Dungeon Crawl Stone Soup version 0.30.0-5-g1a98f26d00 (webtiles) character file.

Game seed: 5790165468370446671

1525 EarthwalkerPL the Covered (level 8, -6/74 HPs)
             Began as a Minotaur Fighter on May 8, 2023.
             Was a Follower of Okawaru.
             Mangled by a troll (12 damage)
             ... on level 5 of the Dungeon.
             The game lasted 00:06:21 (5394 turns).

EarthwalkerPL the Covered (Minotaur Fighter)        Turns: 5394, Time: 00:06:22

Health: -6/74      AC:  8    Str: 23    XL:     8   Next: 54%
Magic:  0/7        EV:  9    Int:  5    God:    Okawaru [*.....]
Gold:   285        SH:  5    Dex: 10    Spells: 7/7 levels left

rFire   . . .        a - +0 war axe
rCold   . . .        c - +0 buckler
rNeg    . . .        b - +0 scale mail
rPois   .            (helmet restricted)
rElec   .            (no cloak)
rCorr   .            (no gloves)
SInv    .            (no boots)
Will    .....        o - amulet of guardian spirit Stlth
                     (no ring)
HPRegen 0.32/turn    (no ring)
MPRegen 0.10/turn

%: guardian spirit
@: no status effects
A: horns 2, retaliatory headbutt
a: Renounce Religion, Heroism


You were on level 5 of the Dungeon.
You worshipped Okawaru.
Okawaru was aware of your devotion.
You visited 2 branches of the dungeon, and saw 7 of its levels.

You collected 285 gold pieces.

Inventory:

Hand Weapons
 a - a +0 war axe (weapon)
Missiles
 j - 2 silver boomerangs (quivered)
 k - 2 boomerangs
 m - 2 atropa-tipped darts
Armour
 b - a +0 scale mail (worn)
 c - a +0 buckler (worn)
Jewellery
 o - an amulet of guardian spirit (around neck)
Wands
 t - a wand of polymorph (9)
 u - a wand of flame (23)
Scrolls
 g - a scroll of enchant weapon
 i - 3 scrolls of immolation
 l - a scroll of blinking
 n - a scroll of fear
 q - 3 scrolls of teleportation
 r - 2 scrolls of enchant armour
 s - 2 scrolls of poison
 v - a scroll of summoning
 x - 3 scrolls of identify
 y - a scroll of noise
Potions
 d - 2 potions of might
 e - 3 potions of curing
 f - a potion of flight {unknown}
 h - 2 potions of degeneration {unknown}
 p - 2 potions of heal wounds {unknown}
 w - a potion of mutation {unknown}
 z - a potion of invisibility
 A - a potion of cancellation {unknown}
 B - 2 potions of brilliance {unknown}
 C - a potion of resistance {unknown}


   Skills:
 * Level 7.7 Fighting
 * Level 7.1 Axes
 * Level 7.8 Armour
 + Level 6.1 Shields


You had 7 spell levels left.
You didn't know any spells.
Your spell library was empty.

Dungeon Overview and Level Annotations

Branches:
Dungeon (6/15)             Temple (1/1) D:5

Altars:
Ashenzari
Cheibriados
Dithmenos
Elyvilon
Fedhas
Gozag
Hepliaklqana
Kikubaaqudgha
Makhleb
Nemelex Xobeh
Okawaru
Qazlal
Ru
Trog
Uskayaw
Vehumet
Wu Jian
Xom
Yredelemnul
Zin
The Shining One


Innate Abilities, Weirdness & Mutations

You have a pair of horns on your head.
You reflexively headbutt those who attack you in melee.


Message History

You hit the troll but do no damage. You headbutt the troll!
The troll is moderately wounded.
You hit the orc priest.
The orc priest hits you with a +0 short sword.
The troll bites you! You block the troll's attack.
The troll claws you but does no damage.
You hit the troll.
The troll is moderately wounded.
You barely miss the orc priest.
The orc priest hits you but does no damage.
The troll bites you! The troll claws you! The troll barely misses you.
You slash the troll!
The troll is severely wounded.
You slash the orc priest!
The orc priest hits you with a +0 short sword.
The troll bites you but does no damage. The troll claws you!
The troll barely misses you.
You hit the troll.
The troll is severely wounded.
You slash the orc priest!
You kill the orc priest!
Okawaru accepts your kill. The troll bites you! The troll claws you.
The troll barely misses you.
You hit the troll.
The troll is severely wounded.
The troll bites you but does no damage. The troll claws you!
* * * LOW HITPOINT WARNING * * *
The troll claws you!
* * * LOW HITPOINT WARNING * * *
You block the troll's attack. The troll claws you but does no damage.
The troll claws you.
* * * LOW HITPOINT WARNING * * *
You closely miss the troll.
The troll is severely wounded.
The troll closely misses you. You furiously retaliate!
You headbutt the troll. You block the troll's attack.
The troll barely misses you.
You slash the troll!
The troll is almost dead.
The troll bites you!
You die...

# ###..# #.# #.# #.. #
#....# #.# #.# #.. #
#.>..# #.# #.# #.. #
#....# ##.###.#######..
#### ######
#.........).)).. .).#
#....#.#######.# ##.#
#....#.# #.) #.#
#######..#.# ### #.#
#.T@)....#.#########
#†#
#.#####.##.........#
#.#
####.#####.##########.#
#.# #.......##.# #..
#.# #.##.##.##.# ###
#.# #.##.##.##.# ##†#
#.##.##.##.# ...#
#.##.##.##.# ####
#....##.##.# ####


You could see a troll.

Vanquished Creatures
  Sigmund (D:4)
  A steam dragon (D:6)
  An ice beast (D:6)
  2 phantoms
  2 bullfrogs (D:6)
  2 scorpions
  A howler monkey (D:4)
  A hound (D:4)
  2 jellies (D:6)
  3 orc priests
  4 iguanas
  4 orc wizards
  4 sleepcaps
  4 gnolls (D:5)
  7 adders
  A shadow imp (D:5)
  A white imp (D:6)
  2 ufetubi
  3 worms
  2 dart slugs (D:2)
  7 orcs
  6 ball pythons
  9 bats
  7 endoplasms
  5 giant cockroaches
  7 goblins
  6 hobgoblins
  7 quokkas
  2 frilled lizards
  7 kobolds
  8 rats
119 creatures vanquished.

Notes
Turn   | Place    | Note
-------+----------+-------------------------------------------
     0 | D:1      | EarthwalkerPL the Minotaur Fighter began the quest for the
                  | Orb.
     0 | D:1      | Reached XP level 1. HP: 19/19 MP: 0/0
     6 | D:1      | Noticed a black mamba
     6 | D:1      | Noticed a black bear
     6 | D:1      | Noticed a snapping turtle
   239 | D:1      | Reached XP level 2. HP: 23/27 MP: 1/1
   469 | D:1      | Found a faded altar of an unknown god.
   469 | D:1      | Noticed an eye of devastation
   473 | D:1      | Noticed a floating eye
   473 | D:1      | Noticed a shining eye
   473 | D:1      | Noticed a shining eye
   862 | D:2      | Found a hide-covered altar of Uskayaw.
   977 | D:2      | Reached XP level 3. HP: 32/33 MP: 2/2
  1043 | D:2      | Noticed a scorpion
  1054 | D:2      | Killed a scorpion
  1055 | D:2      | Reached XP level 4. HP: 11/41 MP: 1/3
  1062 | D:2      | HP: 2/41 [poisoned by a scorpion]
  1697 | D:3      | Reached XP level 5. HP: 46/47 MP: 4/4
  1743 | D:3      | Noticed a phantom
  1763 | D:3      | Killed a phantom
  1764 | D:3      | Reached skill level 5 in Fighting
  1764 | D:3      | Reached skill level 5 in Armour
  2629 | D:4      | Reached XP level 6. HP: 52/56 MP: 5/5
  2997 | D:4      | Noticed Sigmund
  3023 | D:4      | Killed Sigmund
  3024 | D:4      | Reached skill level 5 in Axes
  3024 | D:4      | Reached skill level 5 in Shields
  3024 | D:4      | Reached XP level 7. HP: 21/63 MP: 2/6
  3435 | D:5      | Entered Level 5 of the Dungeon
  4019 | D:5      | Found an ornate altar of the Wu Jian Council.
  4020 | D:5      | Found a sacrificial altar of Ru.
  4036 | D:5      | Found a staircase to the Ecumenical Temple.
  4042 | Temple   | Entered the Ecumenical Temple
  4314 | Temple   | Became a worshipper of Warmaster Okawaru
  4677 | D:5      | Reached XP level 8. HP: 69/71 MP: 7/7
  5008 | D:6      | Reached * piety under Okawaru
  5316 | D:6      | Noticed a troll
  5394 | D:5      | Mangled by a troll

Illustrated notes

Levels and vault maps discovered:
D:1:      onia_arrival_zoo_common, layout_basic,
          hellmonk_ecumenical_altar_watching_god, minmay_misc_feat_rugged,
          minmay_misc_feat_ornament, minmay_pentomino_q4
D:2:      minmay_recursive_quarters, layout_loops_ring, basic_altar
D:3:      layout_rooms, serial_co_window_serial, co_window_corner_a,
          co_window_paths_a, co_window_paths_a, co_window_cross_1,
          co_window_paths_b, co_window_broadway_b, co_window_corner_b,
          co_window_broadway_c, co_window_broadway_b, co_window_unsneaky_path_b,
          co_window_corner_ca, co_window_of_opportunity_c, co_window_4corner_b
D:4:      layout_cave_pools, uniq_sigmund
D:5:      layout_loops_ring, chequers_temple_overflow_statue_of_worship,
          minmay_temple_entry_butterflies, grunt_decor_clamped
D:6:      layout_cave_pools, st_stairs_7, moated_statue,
          corexii_mini_fake_secret_closet
Temple:   hc_temple_tempest_star

Skill      XL: |  1  2  3  4  5  6  7  8 |
---------------+-------------------------+-----
Armour         | 4 5 6 7 |  7.8
Fighting       | 4 5 6 7 |  7.7
Axes           | 3 4 5 6 7 |  7.1
Shields        | 4 5 6 |  6.1

Action                     |  1- 3 |  4- 6 |  7- 9 || total
---------------------------+-------+-------+-------++-------
  Melee: War axe           |    60 |   141 |   143 ||   344
         Headbutt          |    10 |    15 |    21 ||    46
    Use: Potion            |     1 |     2 |       ||     3
         Scroll            |       |       |     9 ||     9
 Armour: Scale mail        |    30 |    73 |    73 ||   176
         Skin              |       |     8 |       ||     8
  Dodge: Dodged            |    25 |    75 |    72 ||   172
  Block: Buckler           |    10 |    33 |    27 ||    70
